 Dungeon Crawl Stone Soup version 0.30-a0-123-g91d0c66ccf (webtiles) character file.

Game seed: 1419536022880838943

49 Zonian the Chiller (level 3, -7/24 HPs)
             Began as a Demonspawn Ice Elementalist on Sept 17, 2022.
             Mangled by a gnoll
             ... wielding a +0 flail
              (8 damage)
             ... on level 2 of the Dungeon.
             The game lasted 00:02:40 (1313 turns).

Zonian the Chiller (Demonspawn Ice Elementalist)    Turns: 1313, Time: 00:02:40

Health: -7/24      AC:  3    Str:  8    XL:     3   Next: 51%
Magic:  6/6        EV: 12    Int: 18    God:
Gold:   32         SH:  0    Dex: 13    Spells: 5/6 levels left

rFire   . . .      SeeInvis .    c - +0 short sword
rCold   . . .      Faith    .    (no shield)
rNeg    . . .      Spirit   .    a - +0 robe
rPois   .          Reflect  .    (no helmet)
rElec   .          Harm     .    (no cloak)
rCorr   .          Rampage  .    (no gloves)
Will    .....                    o - +0 pair of boots
Stlth   ++........               (no amulet)
HPRegen 0.08/turn                (no ring)
MPRegen 0.10/turn                (no ring)

@: no status effects
A: claws 1
a: no special abilities


You were on level 2 of the Dungeon.
You visited 1 branch of the dungeon, and saw 2 of its levels.

You collected 116 gold pieces.
You spent 84 gold pieces at shops.

Inventory:

Hand Weapons
 c - a +0 short sword (weapon)
 f - a +0 rapier
Missiles
 k - 5 javelins
Armour
 a - a +0 robe (worn)
 g - a +0 pair of boots
 o - a +0 pair of boots (worn)
Jewellery
 l - the Hermit's pendant {Faith invo=14 evo=0 MP+5}
   (You found it on level 2 of the Dungeon)

   [amulet of faith]

   It sets your invocations skill to 14 and your evocations skill to 0.
   It allows you to gain divine favour quickly.
   MP:        It affects your magic capacity (+5).
Scrolls
 d - a scroll of magic mapping {unknown}
 e - a scroll of poison {unknown}
 j - a scroll of immolation {unknown}
Potions
 h - a potion of cancellation {unknown}
 i - a potion of curing
 m - a potion of flight {unknown}
 n - a potion of lignification {unknown}


   Skills:
 + Level 2.3 Dodging
 + Level 2.4 Stealth
 + Level 2.4 Spellcasting
 + Level 3.9 Ice Magic


You had 5 spell levels left.
You knew the following spells:

 Your Spells              Type           Power      Damage    Failure   Level
a - Freeze                Ice            64%        1d8       3%          1

Your spell library contained the following spells:

 Spells                   Type           Power      Damage    Failure   Level
 Frozen Ramparts          Ice            32%        1d5       10%         3
 Ozocubu's Armour         Ice            16%        N/A       10%         3
 Hailstorm                Conj/Ice       9%         3d4       58%         4
 Conjure Ball Lightning   Conj/Air       1%         3x3d6     100%        6
 Discord                  Hex            1%         N/A       100%        8
 Disjunction              Tloc           1%         N/A       100%        8


Dungeon Overview and Level Annotations

Branches:
Dungeon (2/15)

Altars:

Shops:
D:2 !


Innate Abilities, Weirdness & Mutations

You have sharp fingernails.


Message History

Nothing appears to happen.
The gnoll hits you with a +0 club.
You freeze the gnoll.
The gnoll is lightly wounded.
The gnoll hits you with a +0 club.
You freeze the gnoll!
The gnoll is severely wounded.
Unknown command.
You freeze the gnoll.
The gnoll is heavily wounded.
The gnoll hits you with a +0 club.
You freeze the gnoll.
The gnoll is almost dead.
The gnoll hits you with a +0 flail.
You freeze the gnoll.
The gnoll is almost dead.
The gnoll misses you. The gnoll barely misses you.
Unknown command.
You hit the gnoll but do no damage.
The gnoll is almost dead.
The gnoll hits you with a +0 flail! The gnoll misses you.
The gnoll hits you with a +0 club.
* * * LOW HITPOINT WARNING * * *
Your magical contamination has completely faded away.
Unknown command.
You feel better. The gnoll hits you with a +0 club.
The gnoll completely misses you. The gnoll barely misses you.
Unknown command.
You hit the gnoll.
You kill the gnoll!
The gnoll closely misses you. The gnoll misses you.
Unknown command.
You hit the gnoll but do no damage.
The gnoll is severely wounded.
The gnoll hits you with a +0 flail!
* * * LOW HITPOINT WARNING * * *
The gnoll hits you with a +0 club.
* * * LOW HITPOINT WARNING * * *
Magic courses through your body. The gnoll closely misses you.
The gnoll hits you with a +0 flail!
You die...

#######.#.#
+###.....#.#.#
...........#.#
...........#.# #####+###
.........>.#.# #........
...........#.# #........
...........#.# #........
...........#'###)g......
................@g......
.##............#####.##.
.##............# .#
.''........#########.#
.##......### #.....(.#
.##......# #.......#
.##......# #.......#
..#......# #..∩....+
..#......#####.......#


You could see 2 gnolls.

Vanquished Creatures
  A gnoll (D:2)
  2 adders (D:2)
  A dart slug (D:2)
  6 hobgoblins (D:1)
  2 bats
  3 frilled lizards (D:1)
  A kobold (D:2)
  8 rats (D:1)
24 creatures vanquished.

Notes
Turn   | Place    | Note
-------+----------+-------------------------------------------
     0 | D:1      | Zonian the Demonspawn Ice Elementalist began the quest for
                  | the Orb.
     0 | D:1      | Reached XP level 1. HP: 13/13 MP: 3/3
   321 | D:1      | Gained mutation: You have sharp fingernails. [demonic
                  | ancestry]
   321 | D:1      | Reached XP level 2. HP: 19/19 MP: 5/5
   796 | D:2      | Found Jenla's Distillery.
   800 | D:2      | Bought a potion of curing for 42 gold pieces
   800 | D:2      | Bought a potion of curing for 42 gold pieces
   832 | D:2      | Found the Hermit's pendant {Faith invo=14 evo=0 MP+5}
  1136 | D:2      | Reached XP level 3. HP: 19/24 MP: 2/6
  1312 | D:2      | HP: 1/24 [gnoll/+0 club (3)]
  1313 | D:2      | Mangled by a gnoll

Illustrated notes

Levels and vault maps discovered:
D:1:      wander_arrival_chamber, layout_rooms, minmay_rat_gold_closets
D:2:      layout_basic, serial_shops, shop, uniq_natasha

Skill      XL: |  1 |
---------------+----+-----
Stealth        | 2 |  2.4
Dodging        | 2 |  2.3
Spellcasting   | |  2.4
Ice Magic      | |  3.9

Action                   || total
-------------------------++-------
Melee: Short sword       ||    61
 Cast: Freeze            ||    19
  Use: Potion            ||     2
 Stab: Sleeping          ||     5
Armor: Robe              ||    18
Dodge: Dodged            ||    59

Table legend: (Time is in decaauts)
 A = Elapsed time spent in this place.
 B = Non-inter-level travel time spent in this place.
 C = Inter-level travel time spent in this place.
 D = Time resting spent in this place.
 E = Time spent auto-exploring this place.
 F = Levels seen in this place.
 G = Mean time per level.
                   A        B        C        D        E       F      G
               +--------+--------+--------+--------+--------+-----+--------+
         Total |   1312 |   1285 |     27 |    264 |    752 |   2 |  656.0 |
       Dungeon |   1312 |   1285 |     27 |    264 |    752 |   2 |  656.0 |
               +--------+--------+--------+--------+--------+-----+--------+

Top non-repeatable levels by time:
     D:1: 795 daAuts
     D:2: 516 daAuts
